 Dungeon Crawl Stone Soup version 0.28-a0-750-g7c675f85b1 (webtiles) character file.

Game seed: 11549919043041578364

98 ytrimaz the Chopper (level 4, -2/35 HPs)
             Began as a Demonspawn Gladiator on Oct 29, 2021.
             Slain by a gnoll (4 damage)
             ... on level 3 of the Dungeon.
             The game lasted 00:02:45 (2513 turns).

ytrimaz the Chopper (Demonspawn Gladiator)          Turns: 2513, Time: 00:02:46

Health: -2/35      AC:  3    Str: 15    XL:     4   Next: 44%
Magic:  4/4        EV: 12    Int: 10    God:
Gold:   93         SH:  4    Dex: 14    Spells: 3/3 levels left

rFire   . . .      SeeInvis .   a - +0 war axe
rCold   . . .      Faith    .   (no shield)
rNeg    . . .      Spirit   .   b - +0 leather armour
rPois   .          Reflect  .   (helmet restricted)
rElec   .          Harm     .   (no cloak)
rCorr   .          Rampage  .   (no gloves)
Will    .....                   (no boots)
Stlth   +.........              (no amulet)
HPRegen 0.11/turn               (no ring)
MPRegen 0.09/turn               (no ring)

@: no status effects
A: antennae 1, condensation shield
a: no special abilities


You were on level 3 of the Dungeon.
You visited 1 branch of the dungeon, and saw 3 of its levels.

You collected 93 gold pieces.

Inventory:

Hand Weapons
 a - a +0 war axe (weapon)
Missiles
 d - 3 throwing nets (quivered)
Armour
 b - a +0 leather armour (worn)
 c - a +0 helmet
Wands
 e - a wand of flame (14)
Scrolls
 h - a scroll of fear {unknown}
Potions
 f - a potion of haste
 g - 2 potions of heal wounds {unknown}
 i - 2 potions of cancellation {unknown}


   Skills:
 * Level 3.0 Fighting
 + Level 3.5 Axes
 - Level 1.7 Throwing
 * Level 1.5 Armour
 + Level 3.0 Dodging


You had 3 spell levels left.
You didn't know any spells.
Your spell library contained the following spells:

 Spells                   Type           Power      Damage    Failure   Level
 Foxfire                  Conj/Fire      0%         2x1d4     43%         1
 Conjure Flame            Conj/Fire      0%         6-21      80%         3
 Inner Flame              Hex/Fire       0%         N/A       80%         3
 Flame Wave               Conj/Fire      0%         3d3       99%         4


Dungeon Overview and Level Annotations

Branches:
Dungeon (3/15)

Altars:
Ru


Innate Abilities, Weirdness & Mutations

You have a pair of small antennae on your head.
A meltable shield of frost defends you. (SH +4)


Message History

The gnoll shouts! x2
A gnoll comes into view. It is wielding a +0 club.
The gnoll shouts!
There are monsters nearby!
There are monsters nearby!
The gnoll hits you from afar with a +0 spear!
You barely miss the gnoll. The gnoll closely misses you. x2
You barely miss the gnoll. The gnoll hits you with a +0 whip.
The gnoll hits you from afar with a +0 spear.
Unknown command.
You hit the gnoll but do no damage. You block the gnoll's attack. x2
The gnoll hits you from afar with a +0 spear.
You barely miss the gnoll. The gnoll closely misses you.
The gnoll hits you with a +0 club.
Unknown command.
You hit the gnoll.
The gnoll is lightly wounded.
You barely miss the gnoll. The gnoll closely misses you.
The gnoll barely misses you. The gnoll hits you with a +0 club.
Unknown command.
You see here a worm corpse.
There is an escape hatch in the floor here.
Things that are here:
a +0 dagger; 8 poisoned darts; a kobold corpse A kobold comes into view.
It is wielding a +0 dagger and quivering poisoned darts.
The kobold shouts!
The kobold throws a poisoned dart.
The poisoned dart completely misses you.
Found a stone staircase leading up.
The kobold throws a poisoned dart.
You block the poisoned dart. You block the kobold's attack.
You barely miss the kobold. The kobold closely misses you.
The kobold hits you but does no damage. The gnoll hits you with a +0 club.
The kobold barely misses you. The gnoll hits you but does no damage.
The gnoll closely misses you. You block the kobold's attack.
The gnoll hits you from afar with a +0 spear!
* * * LOW HITPOINT WARNING * * *
The gnoll hits you with a +0 whip.
You die...

# #.
..............#
##
######.....#..#
##.....#..#
#....###..#
#.#### #..# #.#
#..# ##.## #..#
#####gg.#####..##
#.<.@g..........#
#.###K..#####...#
##.######...# #
#..........##.#
#######.......#
##..†#####
#..†.....
#........
#>.######


You could see 3 gnolls and a kobold.

Vanquished Creatures
  Jessica (D:2)
  3 adders
  A worm (D:3)
  4 bats
  5 endoplasms (D:1)
  2 giant cockroaches (D:1)
  3 hobgoblins
  A quokka (D:1)
  4 ball pythons
  4 frilled lizards
  4 goblins
  7 kobolds
  5 rats
44 creatures vanquished.

Notes
Turn   | Place    | Note
-------+----------+-------------------------------------------
     0 | D:1      | ytrimaz the Demonspawn Gladiator began the quest for the
                  | Orb.
     0 | D:1      | Reached XP level 1. HP: 16/16 MP: 1/1
   307 | D:1      | Gained mutation: You have a pair of small antennae on your
                  | head. [demonic ancestry]
   307 | D:1      | Reached XP level 2. HP: 17/22 MP: 2/2
  1229 | D:2      | Found a faded altar of an unknown god.
  1313 | D:2      | Gained mutation: A meltable shield of frost defends you.
                  | (SH +4) [demonic ancestry]
  1313 | D:2      | Reached XP level 3. HP: 27/27 MP: 3/3
  1324 | D:2      | Reached skill level 1 in Armour
  1496 | D:2      | Noticed Jessica
  1512 | D:2      | Killed Jessica
  1513 | D:2      | Reached XP level 4. HP: 26/34 MP: 4/4
  2251 | D:3      | Found a sacrificial altar of Ru.
  2513 | D:3      | Slain by a gnoll

Illustrated notes

Levels and vault maps discovered:
D:1:      denvon_arrival_hothouse, layout_basic, serial_forest,
          infiniplex_forest_lined_2, infiniplex_forest_zigzag_2,
          infiniplex_forest_clump_diagonal, infiniplex_forest_clump_double,
          infiniplex_forest_join, infiniplex_forest_end_2,
          infiniplex_forest_clump_small, infiniplex_forest_straight_5
D:2:      layout_rooms, dilly_ecumenical_altar_fadedgnrine, minivault_4,
          uniq_jessica
D:3:      layout_loops_ring, nicolae_ru_sacrificial_ziggurat

Skill      XL: |  1  2  3  4 |
---------------+-------------+-----
Axes           | 3 |  3.5
Dodging        | 3 |  3.0
Armour         | 1 |  1.5
Fighting       | 3 |  3.0
Throwing       | |  1.7

Action                   |  1- 3 |  4- 6 || total
-------------------------+-------+-------++-------
Melee: War axe           |    90 |    50 ||   140
  Use: Scroll            |     3 |     2 ||     5
Armor: Leather armour    |    35 |     9 ||    44
Dodge: Dodged            |    84 |    40 ||   124
Block: Other             |     3 |    11 ||    14

Table legend: (Time is in decaauts)
 A = Elapsed time spent in this place.
 B = Non-inter-level travel time spent in this place.
 C = Inter-level travel time spent in this place.
 D = Time resting spent in this place.
 E = Time spent auto-exploring this place.
 F = Levels seen in this place.
 G = Mean time per level.
                   A        B        C        D        E       F      G
               +--------+--------+--------+--------+--------+-----+--------+
         Total |   2561 |   2520 |     41 |    342 |   1694 |   3 |  853.7 |
       Dungeon |   2561 |   2520 |     41 |    342 |   1694 |   3 |  853.7 |
               +--------+--------+--------+--------+--------+-----+--------+

Top non-repeatable levels by time:
     D:1: 1216 daAuts
     D:2: 1062 daAuts
     D:3: 282 daAuts
